TOP OF THE 1ST |
Boston College Eagles batting - Pitching for Minnesota Golden Gophers : LHP José Herrera
|
Pitching: LHP José Herrera
|
|
Batting: SHB Ralph Alfonzo
|
0-0: Called Strike 0-1: Ball 1-1: Ball 2-1: Swinging Strike 2-2: Strikes out swinging
|
Batting: RHB Stanley Wallace
|
0-0: Called Strike 0-1: Foul Ball, location: 2F 0-2: Ball 1-2: Ball 2-2: Ball 3-2: Foul Ball, location: 2F 3-2: Fly out, F8 (Flyball, 8RM)
|
Batting: SHB Marvin MacGeoch
|
0-0: DOUBLE (Flyball, 8LD)
|
Batting: LHB Rafael Yan
|
0-0: Ball 1-0: Called Strike 1-1: Ball 2-1: Foul Ball, location: 2F 2-2: Strikes out swinging
|
Top of the 1st over - 0 run(s), 1 hit(s), 0 error(s), 1 left on base; Boston College 0 - Minnesota 0 |
BOTTOM OF THE 1ST |
Minnesota Golden Gophers batting - Pitching for Boston College Eagles : RHP Hoyt Baldwin
|
Pitching: RHP Hoyt Baldwin
|
|
Batting: LHB Arturo Nieves
|
0-0: Ball 1-0: Ball 2-0: Called Strike 2-1: Ball 3-1: Foul Ball, location: 2F 3-2: Base on Balls
|
Batting: LHB Will Rhodes
|
0-0: Called Strike 0-1: Ball 1-1: Swinging Strike 1-2: Ball 2-2: Strikes out swinging
|
Batting: RHB Christian Nash
|
0-0: Ball 1-0: SINGLE (Groundball, 6D) Arturo Nieves to second
|
Batting: RHB Mike Martínez
|
0-0: Foul Ball, location: 2F 0-1: Grounds into double play, 1-4-3 (Groundball, 15)
|
Bottom of the 1st over - 0 run(s), 1 hit(s), 0 error(s), 1 left on base; Boston College 0 - Minnesota 0 |
TOP OF THE 2ND |
Boston College Eagles batting - Pitching for Minnesota Golden Gophers : LHP José Herrera
|
Batting: RHB Ed Gómez
|
0-0: Called Strike 0-1: Swinging Strike 0-2: Ground out 4-3 (Groundball, 4)
|
Batting: RHB Armando Blanco
|
0-0: Ball 1-0: Ball 2-0: Ball 3-0: Called Strike 3-1: Ground out 1-3 (Groundball, 13S)
|
Batting: SHB Walt Gómez
|
0-0: Ball 1-0: Ball 2-0: SINGLE (Line Drive, 78S)
|
Batting: RHB Alan Mercado
|
0-0: Called Strike 0-1: Foul Ball, location: 2F 0-2: Ball 1-2: Ball 2-2: Ball 3-2: Single, Error in OF, E7, batter to second base Walt Gómez to third
|
Batting: SHB Dwight Hill
|
0-0: Called Strike 0-1: Ball 1-1: Foul Ball, location: 2F 1-2: SINGLE (Groundball, 34D) Walt Gómez scores Alan Mercado to third Runner from 3rd tries for Home, SAFE, no throw
|
Batting: SHB Ralph Alfonzo
|
0-0: Called Strike 0-1: Ball 1-1: Ball 2-1: Swinging Strike 2-2: Fly out, F9 (Line Drive, 9)
|
Top of the 2nd over - 2 run(s), 3 hit(s), 1 error(s), 1 left on base; Boston College 2 - Minnesota 0 |
BOTTOM OF THE 2ND |
Minnesota Golden Gophers batting - Pitching for Boston College Eagles : RHP Hoyt Baldwin
|
Batting: RHB James Morris
|
0-0: Ground out 5-3 (Groundball, 56)
|
Batting: LHB Scott Rivera
|
0-0: Foul Ball, location: 2F 0-1: Fly out, F8 (Flyball, 8RM)
|
Batting: RHB Marvin Roberts
|
0-0: Ball 1-0: Ball 2-0: Fly out, F4 (Popup, 34D)
|
Bottom of the 2nd over - 0 run(s), 0 hit(s), 0 error(s), 0 left on base; Boston College 2 - Minnesota 0 |
TOP OF THE 3RD |
Boston College Eagles batting - Pitching for Minnesota Golden Gophers : LHP José Herrera
|
Batting: RHB Stanley Wallace
|
0-0: Called Strike 0-1: Foul Ball, location: 2F 0-2: Ground out 1-3 (Groundball, P)
|
Batting: SHB Marvin MacGeoch
|
0-0: Ball 1-0: Foul Ball, location: 2F 1-1: SINGLE (Groundball, 34D)
|
Batting: LHB Rafael Yan
|
0-0: Called Strike 0-1: Foul Ball, location: 2F 0-2: Ball 1-2: Strikes out swinging
|
Batting: RHB Ed Gómez
|
0-0: Called Strike 0-1: Swinging Strike 0-2: Foul Ball, location: 2F 0-2: Foul Ball, location: 2F 0-2: Foul Ball, location: 2F 0-2: Ball 1-2: Strikes out swinging
|
Top of the 3rd over - 0 run(s), 1 hit(s), 0 error(s), 1 left on base; Boston College 2 - Minnesota 0 |
BOTTOM OF THE 3RD |
Minnesota Golden Gophers batting - Pitching for Boston College Eagles : RHP Hoyt Baldwin
|
Batting: SHB Enrique Stevenson
|
0-0: Bunt missed! 0-1: Ball 1-1: Foul Ball, location: 2F 1-2: Foul Ball, location: 2F 1-2: Ball 2-2: Foul Ball, location: 2F 2-2: Ball 3-2: Foul Ball, location: 2F 3-2: Foul Ball, location: 2F 3-2: SOLO HOME RUN (Flyball, 7D), Distance : 343 ft
|
Batting: RHB Jorge Morán
|
0-0: Foul Ball, location: 2F 0-1: Foul Ball, location: 2F 0-2: Ground out 3-1 (Groundball, 34)
|
Batting: LHB Arturo Nieves
|
0-0: Swinging Strike 0-1: Foul Ball, location: 2F 0-2: Foul Ball, location: 2F 0-2: Ball 1-2: Fly out, F7 (Flyball, 7S)
|
Batting: LHB Will Rhodes
|
0-0: Ball 1-0: Called Strike 1-1: Foul Ball, location: 2F 1-2: DOUBLE (Flyball, 89D)
|
Batting: RHB Christian Nash
|
0-0: Swinging Strike 0-1: Foul Ball, location: 2F 0-2: Ball 1-2: Strikes out swinging
|
Bottom of the 3rd over - 1 run(s), 2 hit(s), 0 error(s), 1 left on base; Boston College 2 - Minnesota 1 |
TOP OF THE 4TH |
Boston College Eagles batting - Pitching for Minnesota Golden Gophers : LHP José Herrera
|
Batting: RHB Armando Blanco
|
0-0: Foul Ball, location: 2F 0-1: Ball 1-1: Foul Ball, location: 2F 1-2: Ball 2-2: Ground out 5-3 (Groundball, 5S)
|
Batting: SHB Walt Gómez
|
0-0: Swinging Strike 0-1: Foul Ball, location: 2F 0-2: Strikes out swinging
|
Batting: RHB Alan Mercado
|
0-0: Foul Ball, location: 2F 0-1: Ball 1-1: Foul Ball, location: 2F 1-2: Ball 2-2: SINGLE (Flyball, 9LS)
|
Batting: SHB Dwight Hill
|
0-0: Called Strike 0-1: Foul Ball, location: 2F 0-2: Ball 1-2: Ball 2-2: Ball 3-2: Base on Balls Alan Mercado to second
|
Pitching: RHP Dane Vaughan
|
|
Batting: SHB Ralph Alfonzo
|
0-0: Ball 1-0: Swinging Strike 1-1: Swinging Strike 1-2: Ball 2-2: Strikes out looking
|
Top of the 4th over - 0 run(s), 1 hit(s), 0 error(s), 2 left on base; Boston College 2 - Minnesota 1 |
BOTTOM OF THE 4TH |
Minnesota Golden Gophers batting - Pitching for Boston College Eagles : RHP Hoyt Baldwin
|
Batting: RHB Mike Martínez
|
0-0: Called Strike 0-1: Ball 1-1: Fly out, F9 (Flyball, 9S)
|
Batting: RHB James Morris
|
0-0: Ball 1-0: Ball 2-0: Ball 3-0: Base on Balls
|
Batting: LHB Scott Rivera
|
0-0: Ball 1-0: Called Strike 1-1: Ball 2-1: Ball 3-1: SINGLE (Flyball, 8RS) James Morris to second
|
Batting: RHB Marvin Roberts
|
0-0: Ball 1-0: SINGLE (Groundball, 6D) James Morris to third Scott Rivera to second
|
Batting: SHB Enrique Stevenson
|
0-0: Fly out, F6 (Line Drive, 6)
|
Batting: RHB Jorge Morán
|
0-0: Called Strike 0-1: Called Strike 0-2: Foul Ball, location: 2F 0-2: Foul Ball, location: 2F 0-2: Ball 1-2: SINGLE (Flyball, 89S) James Morris scores Scott Rivera to third Marvin Roberts to second Runner from 3rd tries for Home, SAFE, no throw
|
Batting: LHB Arturo Nieves
|
0-0: Fly out, F9 (Flyball, 89S)
|
Bottom of the 4th over - 2 run(s), 3 hit(s), 0 error(s), 2 left on base; Boston College 2 - Minnesota 3 |
TOP OF THE 5TH |
Boston College Eagles batting - Pitching for Minnesota Golden Gophers : RHP Dane Vaughan
|
Batting: RHB Stanley Wallace
|
0-0: Ball 1-0: Ball 2-0: Called Strike 2-1: Swinging Strike 2-2: Strikes out looking
|
Batting: SHB Marvin MacGeoch
|
0-0: Called Strike 0-1: Ball 1-1: Foul Ball, location: 2F 1-2: Foul Ball, location: 2F 1-2: Strikes out swinging
|
Batting: LHB Rafael Yan
|
0-0: Ground out 4-3 (Groundball, 4S)
|
Top of the 5th over - 0 run(s), 0 hit(s), 0 error(s), 0 left on base; Boston College 2 - Minnesota 3 |
BOTTOM OF THE 5TH |
Minnesota Golden Gophers batting - Pitching for Boston College Eagles : RHP Hoyt Baldwin
|
Batting: LHB Will Rhodes
|
0-0: Fly out, F8 (Flyball, 8RM)
|
Batting: RHB Christian Nash
|
0-0: Called Strike 0-1: Ball 1-1: SINGLE (Line Drive, 4MD)
|
Batting: RHB Mike Martínez
|
0-0: Called Strike 0-1: Fly out, F6 (Popup, 5D)
|
Batting: RHB James Morris
|
0-0: Called Strike 0-1: Foul Ball, location: 2F 0-2: Foul Ball, location: 2F 0-2: Strikes out swinging
|
Bottom of the 5th over - 0 run(s), 1 hit(s), 0 error(s), 1 left on base; Boston College 2 - Minnesota 3 |
TOP OF THE 6TH |
Boston College Eagles batting - Pitching for Minnesota Golden Gophers : RHP Dane Vaughan
|
Batting: RHB Ed Gómez
|
0-0: Called Strike 0-1: Ball 1-1: Ball 2-1: Called Strike 2-2: Foul Ball, location: 2F 2-2: SINGLE (Groundball, 4MD)
|
Batting: RHB Armando Blanco
|
0-0: Called Strike 0-1: Ball Wild Pitch! Ed Gómez to second 1-1: Foul Ball, location: 2F 1-2: Ball 2-2: Ball 3-2: Base on Balls
|
Batting: SHB Walt Gómez
|
0-0: Foul Ball, location: 2F 0-1: Fly out, F7 (Flyball, 78M)
|
Batting: RHB Alan Mercado
|
0-0: Ball 1-0: Called Strike 1-1: Called Strike 1-2: Ground out 5-3 (Groundball, 5) Ed Gómez to third Armando Blanco to second
|
Batting: SHB Dwight Hill
|
0-0: SINGLE (Groundball, 25) (infield hit) Ed Gómez scores Armando Blanco to third
|
Batting: SHB Ralph Alfonzo
|
0-0: Foul Ball, location: 2F 0-1: Ball Wild Pitch! Armando Blanco scores Dwight Hill to second 1-1: Intentional Walk
|
Pitching: RHP Jack Dorsey
|
|
Batting: RHB Stanley Wallace
|
0-0: Ball 1-0: Swinging Strike 1-1: Ball Wild Pitch! Dwight Hill to third Ralph Alfonzo to second 2-1: Intentional Walk
|
Batting: SHB Marvin MacGeoch
|
0-0: Ball 1-0: SINGLE (Line Drive, 34D) Dwight Hill scores Ralph Alfonzo to third Stanley Wallace to second Runner from 3rd tries for Home, SAFE, no throw
|
Batting: LHB Rafael Yan
|
0-0: Ball 1-0: Foul Ball, location: 2F 1-1: Swinging Strike 1-2: SINGLE (Line Drive, 4M) Stanley Wallace to third Marvin MacGeoch to second Runner from 3rd tries for Home, SAFE, throw made home Marvin MacGeoch to third Rafael Yan to second
|
Batting: RHB Ed Gómez
|
0-0: Intentional Walk
|
Batting: RHB Armando Blanco
|
0-0: Foul Ball, location: 2F 0-1: Ball 1-1: Ball 2-1: Swinging Strike 2-2: Strikes out looking
|
Top of the 6th over - 5 run(s), 4 hit(s), 0 error(s), 3 left on base; Boston College 7 - Minnesota 3 |
BOTTOM OF THE 6TH |
Minnesota Golden Gophers batting - Pitching for Boston College Eagles : RHP Hoyt Baldwin
|
Batting: LHB Scott Rivera
|
0-0: Foul Ball, location: 2F 0-1: Foul Ball, location: 2F 0-2: Hit by Pitch
|
Pitching: RHP Dave White
|
|
Batting: RHB Marvin Roberts
|
0-0: Ball 1-0: Called Strike 1-1: 2-RUN HOME RUN (Flyball, 78XD), Distance : 380 ft
|
Batting: SHB Enrique Stevenson
|
0-0: Foul Ball, location: 2F 0-1: Ball 1-1: SINGLE (Groundball, 15) (infield hit)
|
Batting: RHB Jorge Morán
|
0-0: Called Strike 0-1: Ball 1-1: Fielders Choice at 2nd, 4-6 (Groundball, 34)
|
Batting: LHB Arturo Nieves
|
0-0: Ground out 4-3 (Groundball, 34) Jorge Morán to second
|
Batting: LHB Will Rhodes
|
0-0: Ball 1-0: Called Strike 1-1: Called Strike 1-2: Fly out, F8 (Flyball, 8LM)
|
Bottom of the 6th over - 2 run(s), 2 hit(s), 0 error(s), 1 left on base; Boston College 7 - Minnesota 5 |
TOP OF THE 7TH |
Boston College Eagles batting - Pitching for Minnesota Golden Gophers : RHP Jack Dorsey
|
Batting: SHB Walt Gómez
|
0-0: Called Strike 0-1: Ball 1-1: Foul Ball, location: 2F 1-2: Ball 2-2: Strikes out swinging
|
Batting: RHB Alan Mercado
|
0-0: Ball 1-0: Ball 2-0: Called Strike 2-1: Ball 3-1: SINGLE (Groundball, 34D)
|
Batting: SHB Dwight Hill
|
0-0: Ball 1-0: SINGLE (Flyball, 8LS) Alan Mercado to second
|
Batting: SHB Ralph Alfonzo
|
0-0: Ball 1-0: SINGLE (Line Drive, 78S) Alan Mercado to third Dwight Hill to second Runner from 3rd tries for Home, SAFE, throw made home Dwight Hill to third Ralph Alfonzo to second
|
Batting: RHB Stanley Wallace
|
0-0: Intentional Walk
|
Pitching: RHP Tommy Burnett
|
|
Batting: SHB Marvin MacGeoch
|
0-0: Called Strike 0-1: Ball 1-1: Ball 2-1: Ball 3-1: Base on Balls Dwight Hill scores Ralph Alfonzo to third Stanley Wallace to second
|
Batting: LHB Rafael Yan
|
0-0: Ball 1-0: Called Strike 1-1: Ball 2-1: Swinging Strike 2-2: Ball 3-2: Fly out, F8 (Flyball, 8RM) Runner from 3rd tags up, SCORES, no throw
|
Batting: RHB Ed Gómez
|
0-0: Ground out 4-3 (Groundball, 4MS)
|
Top of the 7th over - 3 run(s), 3 hit(s), 0 error(s), 2 left on base; Boston College 10 - Minnesota 5 |
BOTTOM OF THE 7TH |
Minnesota Golden Gophers batting - Pitching for Boston College Eagles : RHP Dave White
|
Batting: RHB Christian Nash
|
0-0: Ball 1-0: Called Strike 1-1: Called Strike 1-2: Foul Ball, location: 2F 1-2: Strikes out looking
|
Batting: RHB Mike Martínez
|
0-0: Called Strike 0-1: SINGLE (Line Drive, 6MD)
|
Batting: RHB James Morris
|
0-0: Ball 1-0: Foul Ball, location: 2F 1-1: Called Strike 1-2: Strikes out swinging
|
Batting: LHB Scott Rivera
|
0-0: Ball 1-0: Foul Ball, location: 2F 1-1: Ball 2-1: Ball 3-1: Foul Ball, location: 2F 3-2: 2-RUN HOME RUN (Flyball, 8RXD), Distance : 389 ft
|
Batting: RHB Marvin Roberts
|
0-0: Ball 1-0: Swinging Strike 1-1: Foul Ball, location: 2F 1-2: Ball 2-2: Foul Ball, location: 2F 2-2: Foul Ball, location: 2F 2-2: Foul Ball, location: 2F 2-2: Ball 3-2: Strikes out swinging
|
Bottom of the 7th over - 2 run(s), 2 hit(s), 0 error(s), 0 left on base; Boston College 10 - Minnesota 7 |
TOP OF THE 8TH |
Boston College Eagles batting - Pitching for Minnesota Golden Gophers : RHP Tommy Burnett
|
Batting: RHB Armando Blanco
|
0-0: Swinging Strike 0-1: Ball 1-1: Ball 2-1: Ball 3-1: Foul Ball, location: 2F 3-2: Strikes out swinging
|
Batting: SHB Walt Gómez
|
0-0: Foul Ball, location: 2F 0-1: Ball 1-1: Called Strike 1-2: Strikes out swinging
|
Batting: RHB Alan Mercado
|
0-0: Ball 1-0: Ball 2-0: Called Strike 2-1: Swinging Strike 2-2: Ball 3-2: Foul Ball, location: 2F 3-2: Fly out, F9 (Flyball, 9D)
|
Top of the 8th over - 0 run(s), 0 hit(s), 0 error(s), 0 left on base; Boston College 10 - Minnesota 7 |
BOTTOM OF THE 8TH |
Minnesota Golden Gophers batting - Pitching for Boston College Eagles : RHP Dave White
|
Pitching: RHP Robinson Dávila
|
|
Batting: SHB Enrique Stevenson
|
0-0: Foul Ball, location: 2F 0-1: Ball 1-1: Ground out U3 (Groundball, 34)
|
Batting: RHB Jorge Morán
|
0-0: Ball 1-0: Foul Ball, location: 2F 1-1: Ball 2-1: Called Strike 2-2: Ball 3-2: Foul Ball, location: 2F 3-2: Strikes out swinging
|
Batting: LHB Arturo Nieves
|
0-0: Ball 1-0: Ball 2-0: Ball 3-0: Called Strike 3-1: Base on Balls
|
Pitching: LHP Dave Thompson
|
|
Batting: LHB Will Rhodes
|
0-0: Ball 1-0: Foul Ball, location: 2F 1-1: Ball 2-1: Foul Ball, location: 2F 2-2: Fielders Choice at 2nd, 4-6 (Groundball, 4)
|
Bottom of the 8th over - 0 run(s), 0 hit(s), 0 error(s), 0 left on base; Boston College 10 - Minnesota 7 |
TOP OF THE 9TH |
Boston College Eagles batting - Pitching for Minnesota Golden Gophers : RHP Tommy Burnett
|
Batting: SHB Dwight Hill
|
0-0: Ball 1-0: Ball 2-0: Ball 3-0: Called Strike 3-1: Base on Balls
|
Batting: SHB Ralph Alfonzo
|
0-0: Ball 1-0: Bunted foul 1-1: Bunted foul 1-2: DOUBLE (Line Drive, 78D) Dwight Hill to third
|
Batting: RHB Stanley Wallace
|
0-0: Intentional Walk
|
Batting: SHB Marvin MacGeoch
|
0-0: Called Strike 0-1: Swinging Strike 0-2: Ball 1-2: Ball 2-2: Foul Ball, location: 2F 2-2: Foul Ball, location: 2F 2-2: DOUBLE (Line Drive, 9LM) Dwight Hill scores Ralph Alfonzo scores Stanley Wallace to third
|
Batting: LHB Rafael Yan
|
0-0: Intentional Walk
|
Pitching: RHP Sandy Lund
|
|
Batting: RHB Ed Gómez
|
0-0: Ball 1-0: Foul Ball, location: 2F 1-1: Swinging Strike 1-2: Strikes out looking
|
Batting: RHB Armando Blanco
|
0-0: Ball 1-0: Ball 2-0: Called Strike 2-1: Swinging Strike 2-2: Foul Ball, location: 2F 2-2: Strikes out looking
|
Batting: SHB Walt Gómez
|
0-0: Foul Ball, location: 2F 0-1: Ball 1-1: Called Strike 1-2: Strikes out swinging
|
Top of the 9th over - 2 run(s), 2 hit(s), 0 error(s), 3 left on base; Boston College 12 - Minnesota 7 |
BOTTOM OF THE 9TH |
Minnesota Golden Gophers batting - Pitching for Boston College Eagles : LHP Dave Thompson
|
Batting: RHB Christian Nash
|
0-0: Called Strike 0-1: Ball 1-1: Foul Ball, location: 2F 1-2: Ground out 4-3 (Groundball, 4)
|
Batting: RHB Mike Martínez
|
0-0: Called Strike 0-1: SOLO HOME RUN (Flyball, 89XD), Distance : 365 ft
|
Batting: RHB James Morris
|
0-0: Swinging Strike 0-1: Ball 1-1: Ball 2-1: Swinging Strike 2-2: Foul Ball, location: 2F 2-2: Foul Ball, location: 2F 2-2: Strikes out looking
|
Batting: LHB Scott Rivera
|
0-0: Hit by Pitch
|
Batting: RHB Marvin Roberts
|
0-0: Called Strike 0-1: Ball 1-1: 2-RUN HOME RUN (Flyball, 78XD), Distance : 368 ft
|
Pitching: LHP Jesús Reyes
|
|
Batting: SHB Enrique Stevenson
|
0-0: Ball 1-0: Called Strike 1-1: Called Strike 1-2: Strikes out swinging
|
Bottom of the 9th over - 3 run(s), 2 hit(s), 0 error(s), 0 left on base; Boston College 12 - Minnesota 10 |
|